[Event "Early-Titled-Tuesday-Blitz-September-12-2023"]
[Site "Chess.com"]
[Date "2023.09.12"]
[Round "11"]
[White "tetrix83"]
[Black "Frolyanov_D"]
[Result "1/2-1/2"]
[WhiteElo "2550"]
[BlackElo "2667"]
[TimeControl "180+1"]
[EndTime "10:06:30 PDT"]
[Termination "Game drawn - insufficient material"]

1. e4 e5 2. Nf3 Nf6 3. d4 Nxe4 4. Bd3 Nc6 5. dxe5 Nc5 6. O-O d6 7. Bg5 Be7 8. Bxe7 Nxe7 9. exd6 Qxd6 10. Bb5+ Bd7 11.
Qxd6 cxd6 12. Nc3 a6 13. Be2 O-O-O 14. Rad1 Be6 15. Nd4 Kc7 16. Rd2 h6 17. Rfd1 Ng6 18.
b4 Nd7 19. Nxe6+ fxe6 20. Rxd6 Nde5 21. Rxd8 Rxd8 22. Rxd8 Kxd8 23. g3 Ke7 24. f4 Nc6 25. a3 e5 26. f5 Nf8 27. Kf2 Nd4 28. Bd3 Nd7 29. g4 Nf6 30. h3 Kd6 31. Ne4+ Nxe4+ 32. Bxe4 b6 33. Ke3 a5 34. c3 Nb5 35. c4 Nxa3 36. c5+ bxc5 37. bxa5 Nc4+ 38. Kd3 Nxa5 39. h4 Nc6 40. g5 hxg5 41. hxg5 Nd8 42. Kc4 Nf7 43. f6 gxf6 44. g6 Nh6 45. g7 Ke6 46. Bd5+ Kf5 47. g8=Q Nxg8 48. Bxg8 e4 49. Kxc5 e3 50. Bc4 Ke4 51. Kb4 f5 52. Kc3 f4 53. Kc2 f3 54. Kd1 Kf4 55. Ke1 Kg3 56. Kf1 e2+ 57. Bxe2 fxe2+ 58. Kxe2 1/2-1/2

[Event "Early-Titled-Tuesday-Blitz-September-12-2023"]
[Site "Chess.com"]
[Date "2023.09.12"]
[Round "11"]
[White "Zurability"]
[Black "TigrVShlyape"]
[Result "1/2-1/2"]
[WhiteElo "2808"]
[BlackElo "2939"]
[TimeControl "180+1"]
[EndTime "10:06:31 PDT"]
[Termination "Game drawn - insufficient material"]

1. Nf3 Nf6 2. g3 g6 3. Bg2 Bg7 4. O-O O-O 5. d4 d6 6. Nc3 Nbd7 7. e4 e5 8. h3 c6 9. a4 a5 10.
dxe5 dxe5 11. Be3 Qe7 12. Nd2 Nc5 13. Nc4 Nfd7 14. Qd6 Qxd6 15. Nxd6 Ne6 16. f4 exf4 17. gxf4 Bd4 18. Rae1 Bxe3+ 19. Rxe3 f6 20. h4 Ndc5 21. h5 Nd4 22. Nxc8 Raxc8 23. Rf2 Kg7 24. Rg3 f5 25. hxg6 hxg6 26. Bh3 Nce6 27. Nd1 Nc5 28. Rfg2 Nxe4 29. Rxg6+ Kf7 30. Rg7+ Ke6 31. R2g6+ Rf6 32. Ne3 Rxg6+ 33. Rxg6+ Kf7 34. Rh6 Kg7 35. Nxf5+ Nxf5 36. Bxf5 Kxh6 37. Bxc8 Nd6 38. Be6 Kg6 39. Kf2 Kf6 40. Bg4 Ne4+ 41. Ke3 Nc5 42. b3 b6 43. Kd4 Na6 44. Bd7 c5+ 45.
Kd5 Nb4+ 46. Kc4 Nxc2 47. Kb5 Nd4+ 48. Kxb6 Nxb3 49. Bb5 Kf5 50. Bc4 Nd2 51. Kxc5 Kxf4 52. Bf7 Ke5 53. Kb5 Kd6 54. Kxa5 Kc5 55. Ka6 Ne4 56. a5 Kc6 57. Ka7 Kc7 58. a6 Nd6 59. Bd5 Nb5+ 60. Ka8 Kc8 61. Bg2 Nc7+ 62. Ka7 Nxa6 1/2-1/2

[Event "Early-Titled-Tuesday-Blitz-September-12-2023"]
[Site "Chess.com"]
[Date "2023.09.12"]
[Round "11"]
[White "ckgchess"]
[Black "GianmarcoVaR"]
[Result "1-0"]
[WhiteElo "2878"]
[BlackElo "2656"]
[TimeControl "180+1"]
[EndTime "10:06:32 PDT"]
[Termination "ckgchess won on time"]

1. e4 c5 2. c3 Nf6 3. e5 Nd5 4. d4 cxd4 5. Bc4 Nb6 6. Bb3 Nc6 7.
cxd4 d5 8. Bc2 g6 9. Nc3 Bg7 10. h3 O-O 11. Nf3 f6 12. exf6 exf6 13. O-O Be6 14.
Re1 Qd7 15. Bf4 a6 16. Na4 Nxa4 17. Bxa4 Rfe8 18. Rc1 Bf8 19. Bxc6 bxc6 20. Qa4 Rec8 21. Rc3 c5 22. Qxd7 Bxd7 23. dxc5 Rxc5 24. Rxc5 Bxc5 25. Rd1 Rc8 26. b3 Be6 27. Nd4 Bd7 28. Be3 Ba3 29. Ne2 Be6 30. Nf4 Kf7 31. Nxd5 Rc2 32. Nf4 Rxa2 33.
Nxe6 Kxe6 34. Rd8 Be7 35. Ra8 h5 36. g3 g5 37. Kg2 Bd6 38. Rh8 Ra3 39. Rxh5 Rxb3 40.
Rh8 a5 41. Ra8 Ra3 42. Ra6 Ke7 43. Bd4 a4 44. Bxf6+ Kxf6 45. Rxd6+ Kf7 46. Ra6 Ra2 47. Kf3 a3 48. Kg4 Rxf2 49. Rxa3 Kf6 50. Ra6+ 1-0

[Event "Early-Titled-Tuesday-Blitz-September-12-2023"]
[Site "Chess.com"]
[Date "2023.09.12"]
[Round "11"]
[White "1995Tiger"]
[Black "GaalZsoka"]
[Result "0-1"]
[WhiteElo "2247"]
[BlackElo "2468"]
[TimeControl "180+1"]
[EndTime "10:06:32 PDT"]
[Termination "GaalZsoka won by checkmate"]

1. d4 Nf6 2. c4 c5 3. d5 e6 4.
Nc3 exd5 5. cxd5 d6 6. Nf3 g6 7. Nd2 Bg7 8. e4 O-O 9. Be2 Re8 10. O-O Na6 11. f3 Nc7 12. a4 Rb8 13. Nc4 b6 14. Bf4 Bf8 15. Qd2 Nh5 16. Bg5 Be7 17. Bh6 Bf6 18. Kh1 Bd4 19. Bg5 f6 20. Be3 Bxe3 21.
Qxe3 a6 22. f4 b5 23. axb5 axb5 24. Na5 Bd7 25. Bxh5 gxh5 26. f5 Qe7 27. Qg3+ Qg7 28. Qxd6 b4 29. Qxc7 bxc3 30. bxc3 Rb2 31. Qg3 Qxg3 32.
hxg3 Rxe4 33. Rfe1 Rxe1+ 34. Rxe1 Bxf5 35. d6 Kf7 36. Re7+ Kg6 37. Nc6 Rd2 38. Rc7 Rxd6 39. Ne7+ Kg5 40.
Rxc5 Kg4 41. Nxf5 Rd1+ 42. Kh2 h4 43. Nxh4 Rd3 44. Rc4+ Kg5 45. Kh3 h5 46. Nf3+ Kg6 47. Rc5 Re3 48. c4 Rc3 49. Nh4+ Kh6 50. Rc8 Rc1 51. c5 Rh1# 0-1

[Event "Early-Titled-Tuesday-Blitz-September-12-2023"]
[Site "Chess.com"]
[Date "2023.09.12"]
[Round "11"]
[White "LangesNasenhaar"]
[Black "mmDarko"]
[Result "1-0"]
[WhiteElo "2455"]
[BlackElo "2247"]
[TimeControl "180+1"]
[EndTime "10:06:32 PDT"]
[Termination "LangesNasenhaar won on time"]

1. d4 e6 2. Nc3 Nf6 3. Bf4 d5 4. Nb5 Na6 5. e3 Bd6 6. Nxd6+ cxd6 7. c3 O-O 8. Be2 Nc7 9. h3 b6 10.
Nf3 Ba6 11. Bxa6 Nxa6 12. O-O Qd7 13. Nd2 Nc7 14. a4 Rae8 15. Bh2 Ne4 16. Nb3 f5 17.
f3 Nf6 18. Qd3 e5 19. Qc2 e4 20. f4 Ne6 21. Bg3 Rc8 22. Bh4 Ne8 23. Nd2 h6 24.
Qb3 g5 25. Bg3 N6c7 26. Rf2 Nf6 27. fxg5 hxg5 28. Qa3 Nce8 29. Raf1 Nh5 30. Bh2 Rf6 31. Qb3 Nc7 32. Re1 Rcf8 33. g3 Kg7 34. Kg2 Kg6 35. Ref1 Ng7 36. a5 b5 37. Qc2 a6 38. Kg1 Qe6 39.
b3 Rh8 40. Kg2 f4 41. g4 f3+ 42. Nxf3 Rxh3 43. Kxh3 Kf7 44. Ng1 1-0

[Event "Early-Titled-Tuesday-Blitz-September-12-2023"]
[Site "Chess.com"]
[Date "2023.09.12"]
[Round "11"]
[White "artooon"]
[Black "vi_pranav"]
[Result "0-1"]
[WhiteElo "3042"]
[BlackElo "2997"]
[TimeControl "180+1"]
[EndTime "10:06:33 PDT"]
[Termination "vi_pranav won by checkmate"]

1. e4 e5 2. Nf3 Nc6 3. Bc4 Nf6 4. Ng5 d5 5. exd5 Na5 6. Bb5+ c6 7. dxc6 bxc6 8. Qf3 Rb8 9. Bd3 Be7 10. Nc3 O-O 11. O-O h6 12. Nge4 Nd5 13. Ng3 g6 14. Re1 Bd6 15. Be4 f5 16. Bxd5+ cxd5 17. Qxd5+ Kh7 18.
Qf3 Bb7 19. Qd1 Nc6 20. d3 Qh4 21. Nb5 Be7 22. Ne2 a6 23. Nbc3 Bd6 24. h3 Rbe8 25.
Nd5 f4 26. f3 Nd4 27. c4 Nc2 28. g3 fxg3 29. Qxc2 g2 30. Qd2 g5 31. Kxg2 Rxf3 32. Ng1 Rg3+ 33. Kh1 Rf8 34. Qh2 e4 35. Rxe4 Qh5 36. Re7+ Kg8 37. Qe2 Bxd5+ 38. cxd5 Rxh3+ 39. Nxh3 Qxh3+ 40. Kg1 Rf1+ 41. Qxf1 Qh2# 0-1

[Event "Early-Titled-Tuesday-Blitz-September-12-2023"]
[Site "Chess.com"]
[Date "2023.09.12"]
[Round "11"]
[White "TimofeevAr"]
[Black "djano"]
[Result "1-0"]
[WhiteElo "2834"]
[BlackElo "2657"]
[TimeControl "180+1"]
[EndTime "10:06:36 PDT"]
[Termination "TimofeevAr won by resignation"]

1. c4 e6 2. Nc3 d5 3. d4 c5 4. e3 Nc6 5. Nf3 Nf6 6. a3 Be7 7. dxc5 Bxc5 8. b4 Be7 9. Bb2 O-O 10. Rc1 a5 11. b5 Nb8 12. cxd5 exd5 13. g3 Bg4 14. Bg2 Nbd7 15. Nxd5 Nxd5 16. Qxd5 Nc5 17. Rxc5 Bxc5 18. Qxc5 Qd3 19. Qd4 Qb1+ 20. Kd2 Qg6 21. Ne5 Qf5 22. Qxg4 Rfd8+ 23. Bd4 Qxe5 24. Rc1 h5 25.
Qe4 Qxb5 26. Qxb7 Qf5 27. Qf3 Qe6 28. Qf4 Rac8 29. Rxc8 Rxc8 30. Ke2 Rc2+ 31. Kd1 Qc4 32. Qb8+ Qc8 33. Qxc8+ Rxc8 34. Kd2 a4 35. Be4 Rb8 36. Bc2 Ra8 37. Kc3 f6 38. Kb4 Rb8+ 39. Kxa4 Kf7 40. Bb3+ Ke7 41. Bc4 Kd6 42. Bb5 Kd5 43. Kb4 Ke4 44.
f4 h4 45. gxh4 Rc8 46. a4 Rc1 47. a5 Rb1+ 48. Kc5 Rc1+ 49. Kb6 1-0

[Event "Early-Titled-Tuesday-Blitz-September-12-2023"]
[Site "Chess.com"]
[Date "2023.09.12"]
[Round "11"]
[White "Boxerandchessplayer"]
[Black "DKmirl"]
[Result "1-0"]
[WhiteElo "2135"]
[BlackElo "2263"]
[TimeControl "180+1"]
[EndTime "10:06:36 PDT"]
[Termination "Boxerandchessplayer won on time"]

1. d4 Nf6 2. Nf3 e6 3. c4 d5 4. g3 Bb4+ 5. Bd2 Qe7 6. Bg2 Ne4 7. O-O O-O 8. a3 Bxd2 9. Nbxd2 c6 10. Qc2 f5 11.
Ne5 Nd7 12. Nxd7 Bxd7 13. Rac1 g5 14. f3 Nxd2 15. Qxd2 Rf7 16. e4 fxe4 17. fxe4 Raf8 18. exd5 Rxf1+ 19. Rxf1 Rxf1+ 20. Kxf1 h6 21. dxc6 Bxc6 22. Bxc6 bxc6 23. Kg2 Qb7 24. Qb4 Qd7 25. Qb8+ Kh7 26.
Qe5 Qb7 27. Qe4+ Kg7 28. b4 Qa6 29. Qxe6 Qxa3 30. Qd7+ Kg8 31. Qe8+ Kg7 32. Qd7+ Kf8 33. Qxc6 Qxb4 34. Qxh6+ Kf7 35. Qh7+ Kf6 36. Qh8+ Kg6 37. Qe8+ Kg7 38. Qd7+ Kg6 39. Qxa7 Qd2+ 40. Kh3 g4+ 41. Kxg4 Qe2+ 42. Kf4 Qf2+ 43. Ke4 Qe2+ 44. Kd5 Qf3+ 45.
Kc5 Qf6 46. Qb6 1-0

[Event "Early-Titled-Tuesday-Blitz-September-12-2023"]
[Site "Chess.com"]
[Date "2023.09.12"]
[Round "11"]
[White "Biregina"]
[Black "FMStan15"]
[Result "1-0"]
[WhiteElo "2428"]
[BlackElo "2101"]
[TimeControl "180+1"]
[EndTime "10:06:38 PDT"]
[Termination "Biregina won on time"]

1. h4 e5 2. c3 d5 3. d4 e4 4. Bf4 Bd6 5. Bxd6 Qxd6 6. e3 Nf6 7. c4 c6 8. Nc3 a6 9. c5 Qe7 10. b4 O-O 11. a4 Bg4 12. Be2 Bxe2 13. Ngxe2 Nbd7 14. Nf4 Rfb8 15. a5 Nf8 16. g4 Ne6 17. g5 Ne8 18. Qg4 Nxf4 19. Qxf4 Nc7 20. Ne2 Ne6 21. Qg4 Qd7 22. Qg3 Qc7 23. Qg2 Qd7 24. h5 Kh8 25.
Kd2 Rg8 26. Raf1 f5 27. f3 Qe7 28. fxe4 fxe4 29. Rf5 Raf8 30. Re5 Qf7 31. h6 g6 32. Qh3 Nc7 33. Nf4 Nb5 34. Rf1 Na3 35. Re6 Nc4+ 36. Ke2 Qd7 37. Rxg6 Qxh3 38. Rxg8+ Kxg8 39.
Nxh3 Rxf1 40. Kxf1 Kf7 41. Kf2 Kg6 42. Nf4+ Kxg5 43.
Ne6+ Kg6 44. Nd8 Kxh6 45. Nxb7 Kg5 46. Nd8 Nb2 47. Nxc6 h5 48. Kg2 Nd3 49. Ne7 Kg4 50. Nxd5 1-0

[Event "Early-Titled-Tuesday-Blitz-September-12-2023"]
[Site "Chess.com"]
[Date "2023.09.12"]
[Round "11"]
[White "AttilaTurzo"]
[Black "RandomNoob04"]
[Result "1-0"]
[WhiteElo "2489"]
[BlackElo "2617"]
[TimeControl "180+1"]
[EndTime "10:06:39 PDT"]
[Termination "AttilaTurzo won by resignation"]

1. d4 e6 2. Nf3 c5 3. c3 Nf6 4. Bf4 b6 5. e3 Bb7 6. Nbd2 Be7 7. Bd3 O-O 8. h3 d6 9. O-O Nbd7 10. e4 Re8 11. Re1 h6 12. Qe2 Rc8 13. a4 Bf8 14. Be3 cxd4 15. cxd4 d5 16. e5 Ne4 17. Rec1 Bb4 18.
Bf4 Nxd2 19. Bxd2 Qe7 20. Qe1 Bxd2 21. Qxd2 f6 22. Bb5 Red8 23. Bxd7 Rxd7 24. exf6 Qxf6 25.
Ne5 Rdc7 26. Rxc7 Rxc7 27. Rc1 Qd8 28. Rxc7 Qxc7 29. f4 Bc8 30. b4 Bd7 31. a5 Be8 32. axb6 axb6 33. Kh2 Qe7 34. g3 Qc7 35. g4 Qe7 36. Kg3 h5 37. Qc3 h4+ 38. Kf3 g5 39. fxg5 Qxg5 40. Qe3 Qe7 41. Qd2 Qf6+ 42. Kg2 Bg6 43.
Qf2 Be4+ 44. Kg1 Qe7 45. Qd2 b5 46. Qc3 Qa7 47. Qc8+ Kg7 48. Qd7+ Qxd7 49. Nxd7 Kg6 50. Kf2 Kg5 51. Nc5 Bc2 52. Nxe6+ Kf6 53. Nc7 Kg5 54.
Ke3 Bd1 55. Nxd5 Bxg4 56. hxg4 Kxg4 57. Nf4 h3 58. Nxh3 1-0

[Event "Early-Titled-Tuesday-Blitz-September-12-2023"]
[Site "Chess.com"]
[Date "2023.09.12"]
[Round "11"]
[White "twofoxniel"]
[Black "DTChess"]
[Result "0-1"]
[WhiteElo "2617"]
[BlackElo "2540"]
[TimeControl "180+1"]
[EndTime "10:06:40 PDT"]
[Termination "DTChess won on time"]

1. e4 e5 2. Nf3 Nc6 3. Bc4 Nf6 4. d3 Bc5 5. Nc3 d6 6. Be3 Bb6 7. h3 h6 8. O-O Be6 9. Bb3 Qd7 10. d4 exd4 11.
Nxd4 Bxb3 12. axb3 O-O 13. Nf5 Ne7 14. Ng3 Bxe3 15.
fxe3 Nh7 16. Qd4 a6 17. Rf2 Nc6 18. Qd2 Rae8 19. Raf1 Ng5 20. Rf4 Re5 21. Qf2 Ne6 22. Rg4 Rg5 23. Rxg5 Nxg5 24. h4 Ne6 25. Qf5 Ne7 26. Qg4 Nc6 27. Nd5 Kh8 28. Nf5 Ne5 29. Qh5 f6 30. Nf4 Nc5 31. Nxh6 gxh6 32.
Qxh6+ Kg8 33. Nh5 Nxe4 34. Rf4 d5 35. Nxf6+ Nxf6 36. Qg5+ Qg7 37. Qxe5 c6 38. h5 Ne4 39. Qe6+ Kh7 40. Rg4 Qf7 41. Qe5 Rg8 42. Rf4 Qg7 43.
Qf5+ Kh8 44. g4 a5 45. Qe6 Kh7 46. h6 Qxh6 47. Rf7+ Rg7 48. Qf5+ Qg6 49. Rxg7+ Kxg7 50. Qd7+ Kh6 51. Qc8 Qf6 0-1

[Event "Early-Titled-Tuesday-Blitz-September-12-2023"]
[Site "Chess.com"]
[Date "2023.09.12"]
[Round "11"]
[White "Kirill_Klukin"]
[Black "TatjanaVasilevich"]
[Result "0-1"]
[WhiteElo "2730"]
[BlackElo "2592"]
[TimeControl "180+1"]
[EndTime "10:06:41 PDT"]
[Termination "TatjanaVasilevich won by resignation"]

1. d4 Nf6 2. Nf3 e6 3. e3 d5 4. Bd3 b6 5. O-O Bb7 6. b3 Ne4 7. Bb2 Nd7 8. c4 f5 9. Nc3 Bd6 10. Qc2 a6 11. Rac1 O-O 12. Ne2 Rc8 13. Nf4 Qe7 14. Be2 g5 15. Nd3 g4 16. Nfe5 Bxe5 17.
dxe5 Kh8 18. Nf4 c6 19. f3 gxf3 20. gxf3 Rg8+ 21. Kh1 Ng3+ 22. hxg3 Rxg3 23. Rf2 Rcg8 24. Rh2 Qg5 25. Qd1 Nf8 26. cxd5 cxd5 27. Bd4 a5 28. Qf1 b5 29. Bxb5 Qe7 30. Qf2 Qa3 31.
Rc7 Qxa2 32. Rxb7 Qxb3 33. Rc7 Qd1+ 34. Bf1 Rxf3 35. Qxf3 Qxf3+ 36. Rg2 Qxf1+ 37. Kh2 a4 38. Rxg8+ Kxg8 39. Bc5 Qf2+ 40. Kh3 Qf3+ 41. Kh2 Ng6 42. Nxe6 Qf2+ 43. Kh1 f4 44. Rg7+ Kh8 45. exf4 Qh4+ 46. Kg1 Qg4+ 47. Kf1 Qxe6 48. Rc7 Qf5 49. Be3 Nxf4 50.
Ke1 Ng2+ 51. Kd2 Nxe3 0-1

[Event "Early-Titled-Tuesday-Blitz-September-12-2023"]
[Site "Chess.com"]
[Date "2023.09.12"]
[Round "11"]
[White "Predator0608"]
[Black "dadice10"]
[Result "1-0"]
[WhiteElo "2531"]
[BlackElo "2247"]
[TimeControl "180+1"]
[EndTime "10:06:44 PDT"]
[Termination "Predator0608 won on time"]

1. f4 e5 2. fxe5 d6 3. d4 dxe5 4. dxe5 Qxd1+ 5. Kxd1 Nc6 6. Nf3 Bg4 7. Nc3 O-O-O+ 8. Bd2 Bb4 9. Kc1 Nge7 10. h3 Bxf3 11. exf3 Nxe5 12. a3 Ba5 13. Bb5 c6 14. Re1 f6 15. f4 cxb5 16. fxe5 f5 17. b4 Bc7 18. Nxb5 Rd5 19. Nxc7 Kxc7 20. Bg5 Ng6 21. e6 Re8 22.
Kb2 h6 23. Be3 Rxe6 24. Bxa7 Rxe1 25. Rxe1 Nf4 26. Bf2 Nxg2 27. Rg1 Nf4 28. Rxg7+ Kc6 29. Bg3 Ne2 30. Rg6+ Kd7 31. Bf2 Rd6 32. Rg7+ Kc6 33.
Bc5 Re6 34. Kb3 f4 35. Kc4 b5+ 36. Kd3 Ng3 37. Rf7 Ne4 38. Rxf4 Nxc5+ 39. bxc5 Kxc5 40.
Rf5+ Kb6 41. Kd4 Rc6 42. c3 Rc4+ 43. Kd3 Rh4 44. Rf3 Ka5 45. Kc2 Ka4 46. Rf6 Ka5 47.
Kb3 Rxh3 48. Rf5 Rh4 49. Re5 Ka6 50. Re6+ Ka5 51. Rf6 h5 52. Rf5 Rh1 53. a4 Rb1+ 54. Ka2 Rc1 55. Kb2 1-0

[Event "Early-Titled-Tuesday-Blitz-September-12-2023"]
[Site "Chess.com"]
[Date "2023.09.12"]
[Round "11"]
[White "Journey_to_GrandMaster_YT"]
[Black "Chessmissile07"]
[Result "0-1"]
[WhiteElo "2602"]
[BlackElo "2856"]
[TimeControl "180+1"]
[EndTime "10:06:47 PDT"]
[Termination "Chessmissile07 won by checkmate"]

1. d4 d5 2. Nf3 Nf6 3. c4 c6 4.
Nc3 e6 5. e3 Be7 6. Be2 O-O 7.
O-O Nbd7 8. Qc2 b6 9. b3 Bb7 10.
Bb2 Rc8 11. Rac1 c5 12. cxd5 cxd4 13. Nxd4 Nxd5 14. Qb1 Nxc3 15. Rxc3 Rxc3 16. Bxc3 Qa8 17. Bf3 Rc8 18. Rc1 Ne5 19. Bxb7 Qxb7 20. Bb2 Rxc1+ 21.
Bxc1 Bf6 22. Qc2 h5 23. h3 Qa6 24. a4 Qd3 25. Qxd3 Nxd3 26. Ba3 Bxd4 27. exd4 Nf4 28.
Kf1 f6 29. Bd6 Nd5 30. Ke2 Kf7 31. Kd3 Ke8 32. Kc4 Kd7 33. Bh2 Kc6 34. b4 a6 35.
b5+ axb5+ 36. axb5+ Kd7 37. g4 h4 38. Bb8 g5 39. f3 Ne3+ 40. Kd3 Nd1 41. Ke2 Nc3+ 42. Kd3 Nxb5 43. f4 Nc7 44. fxg5 fxg5 45. Ke4 b5 46. Ba7 Nd5 47. Bc5 Nf4 48. Ke5 Nd3+ 49. Kf6 Nxc5 50. dxc5 b4 51. Kxg5 b3 52. Kh6 b2 53. g5 b1=Q 54. g6 Qc1+ 55. Kh7 Qxc5 56. g7 Qh5+ 57.
Kg8 e5 58. Kf8 Qe8# 0-1

[Event "Early-Titled-Tuesday-Blitz-September-12-2023"]
[Site "Chess.com"]
[Date "2023.09.12"]
[Round "11"]
[White "M_One1126"]
[Black "chessdjw"]
[Result "0-1"]
[WhiteElo "2570"]
[BlackElo "2752"]
[TimeControl "180+1"]
[EndTime "10:06:48 PDT"]
[Termination "chessdjw won by checkmate"]

1. e4 e5 2. Nc3 Nf6 3. f4 d5 4. fxe5 Nxe4 5. Qf3 Nc6 6. Bb5 Nxc3 7. dxc3 Qh4+ 8. g3 Qe4+ 9. Be3 Bd7 10. O-O-O Nxe5 11. Bxd7+ Nxd7 12. Rxd5 Qxf3 13. Nxf3 Bd6 14. Bf4 Bxf4+ 15. gxf4 O-O-O 16. Ng5 Nb6 17. Rxd8+ Rxd8 18. Nxf7 Rf8 19. Ng5 Rxf4 20. Nxh7 Rf2 21. Ng5 Nc4 22. Ne4 Rg2 23. b3 Ne3 24. Nd2 g5 25. Re1 Ng4 26. h3 Nf2 27.
Ne4 Nxh3 28. Re3 Nf4 29. Nc5 c6 30. Re7 g4 31. Nxb7 g3 32. Nd6+ Kd8 33. Rf7 Rf2 34.
Nb7+ Kc8 35. Nd6+ Kb8 36. Rb7+ Ka8 37. Rg7 a5 38. Ne4 Rf1+ 39. Kd2 g2 40. Rg8+ Ka7 41. Rg7+ Kb6 42. Nd6 g1=Q 43. Nc4+ Ka6 44. Rxg1 Rxg1 45. Ke3 Nd5+ 46. Kd4 Rd1+ 47. Kc5 Nxc3 48. Kxc6 Nxa2 49.
Kc5 Nb4 50. Na3 Nxc2 51. Kc4 Nxa3+ 52. Kc3 Nb5+ 53. Kb2 Rd4 54. b4 Rxb4+ 55. Ka2 Nc3+ 56.
Ka3 Rc4 57. Kb3 Rc8 58. Ka3 Nd5 59. Kb3 Nb4 60. Ka3 Kb5 61. Kb3 a4+ 62. Kb2 Kc4 63. Kb1 Kb3 64. Ka1 Rc1# 0-1

[Event "Early-Titled-Tuesday-Blitz-September-12-2023"]
[Site "Chess.com"]
[Date "2023.09.12"]
[Round "11"]
[White "EvgenyBurmakin"]
[Black "Cambek64"]
[Result "1-0"]
[WhiteElo "2296"]
[BlackElo "2473"]
[TimeControl "180+1"]
[EndTime "10:06:48 PDT"]
[Termination "EvgenyBurmakin won on time"]

1. e4 c5 2. Nc3 Nc6 3. Bb5 Nd4 4. Bc4 g6 5. Nf3 Bg7 6. Nxd4 cxd4 7. Qf3 e6 8. Nb5 d6 9. Qa3 Ke7 10. c3 dxc3 11.
dxc3 a6 12. Be2 e5 13. Be3 Be6 14. Nxd6 Kf6 15. O-O-O Qc7 16. f4 Bf8 17. fxe5+ Kg7 18. Rhf1 h5 19. Qc5 Qxc5 20. Bxc5 Ne7 21. Bb6 Nc6 22.
Bc4 Bxd6 23. Bxe6 fxe6 24. exd6 Rhf8 25. Rxf8 Kxf8 26. d7 Ke7 27. Bc5+ Kf7 28. Kc2 e5 29. Rd6 Nd8 30. c4 Ne6 31. b4 Rb8 32. Bb6 Nd8 33. c5 Ke7 34. a4 Nc6 35. b5 axb5 36. axb5 Nd4+ 37. Kd3 Nxb5 38. Rxg6 Kxd7 39. Rg5 Re8 40. Rxh5 Nd4 41. Rh7+ Kc6 42. Kc4 Ne6 43. Rh6 Re7 44.
Rf6 Kd7 45. g4 Nf4 46. Rf5 Rh7 47. Rf6 1-0

[Event "Early-Titled-Tuesday-Blitz-September-12-2023"]
[Site "Chess.com"]
[Date "2023.09.12"]
[Round "11"]
[White "Djager97"]
[Black "FuenfgegenWilly"]
[Result "0-1"]
[WhiteElo "2522"]
[BlackElo "2383"]
[TimeControl "180+1"]
[EndTime "10:06:50 PDT"]
[Termination "FuenfgegenWilly won on time"]

1. e4 e5 2. Nf3 Nc6 3. d4 exd4 4.
Nxd4 Nf6 5. Nxc6 bxc6 6. e5 Qe7 7. Qe2 Nd5 8. c4 Ba6 9. b3 g6 10. g3 Bg7 11. Bb2 O-O 12. Bg2 Rae8 13. O-O d6 14. Qd2 Nb6 15. Re1 dxe5 16. Bxc6 Rd8 17. Qa5 Bxc4 18. Ba3 Qe6 19. Bxf8 Kxf8 20. Bg2 Bd3 21. Nc3 a6 22. Rad1 Rd7 23. Ne4 Bxe4 24. Bxe4 f5 25.
Rxd7 Qxd7 26. Bf3 e4 27. Rd1 Qb5 28. Qxb5 axb5 29. Be2 b4 30. Bc4 Ke7 31. Kf1 Be5 32. Ke2 Nc8 33. Rd5 Bd6 34. Rb5 Nb6 35. Ra5 Kf6 36.
f3 exf3+ 37. Kxf3 h6 38. Ra7 g5 39. Rb7 Ke5 40. Rb8 Kd4 41. Rh8 g4+ 42. Kf2 Nxc4 43.
bxc4 Kxc4 44. Rxh6 f4 45. gxf4 Bxf4 46. Rh4 Bxh2 47.
Rxh2 Kc3 48. Ke3 c5 49. Rg2 c4 50. Rxg4 b3 51. a4 b2 52. Rg1 Kb3 53. a5 c3 54.
Kd3 c2 0-1

[Event "Early-Titled-Tuesday-Blitz-September-12-2023"]
[Site "Chess.com"]
[Date "2023.09.12"]
[Round "11"]
[White "S-Fazulyanov"]
[Black "Boundless_Strike"]
[Result "1-0"]
[WhiteElo "2458"]
[BlackElo "2592"]
[TimeControl "180+1"]
[EndTime "10:06:50 PDT"]
[Termination "S-Fazulyanov won by checkmate"]

1. e4 d6 2. c3 e5 3. Nf3 f5 4.
exf5 Bxf5 5. Qb3 Nd7 6. Qxb7 Ngf6 7. d4 e4 8. Nfd2 Rb8 9. Qxa7 d5 10. c4 Bb4 11. Nc3 O-O 12. Be2 Bg4 13. Nxd5 Bxe2 14. Kxe2 Nxd5 15. cxd5 Qh4 16. Rf1 Qg4+ 17. Ke1 Qxg2 18.
Qa6 Rbe8 19. Kd1 Rxf2 20. Rxf2 Qxf2 21. Qe2 e3 22. Nc4 Qg1+ 23. Kc2 Qg6+ 24. Qd3 Qxd3+ 25.
Kxd3 e2 26. Bd2 e1=Q 27. Bxe1 Bxe1 28. d6 cxd6 29. Nxd6 Re6 30. Nf5 Ba5 31. Rg1 g6 32. d5 Re5 33. Nh6+ Kg7 34. Ng4 Rxd5+ 35. Kc4 Rc5+ 36.
Kb3 Bb6 37. Rg2 Ne5 38. Nxe5 Rxe5 39. a4 g5 40. Kc4 h5 41. b4 g4 42. a5 Bd8 43.
Rd2 Re8 44. Rd7+ Kf6 45. a6 Ke6 46. Rh7 Ke5 47. Rxh5+ Kf4 48. Rh7 Bb6 49. Kb5 Bg1 50. Kc6 Re2 51. b5 Rc2+ 52. Kb7 Bxh2 53. a7 Rb2 54. a8=Q Rxb5+ 55. Kc6 Rb2 56. Qf8+ Kg3 57. Qd6+ Kg2 58. Rxh2+ Kf3 59. Rxb2 g3 60. Qd3+ Kg4 61. Rb4+ Kh3 62. Rb3 Kh2 63. Qxg3+ Kh1 64. Rb1# 1-0

[Event "Early-Titled-Tuesday-Blitz-September-12-2023"]
[Site "Chess.com"]
[Date "2023.09.12"]
[Round "11"]
[White "the_chess_child"]
[Black "karinachess1"]
[Result "1-0"]
[WhiteElo "2882"]
[BlackElo "2615"]
[TimeControl "180+1"]
[EndTime "10:06:52 PDT"]
[Termination "the_chess_child won on time"]

1. e4 e5 2. Nf3 Nc6 3. d3 Nf6 4. g3 d5 5. exd5 Nxd5 6. Bg2 Be7 7. O-O O-O 8. Re1 Bf6 9. Nc3 Nxc3 10. bxc3 Re8 11.
Nd2 g6 12. Rb1 Bg7 13. Ne4 Rb8 14. Nc5 Qd6 15. d4 b6 16. Ne4 Qd7 17. Bg5 Bb7 18.
d5 Ne7 19. c4 Nf5 20. Nf6+ Bxf6 21. Bxf6 Qd6 22. Bg5 f6 23. Bd2 a5 24. Qg4 Ng7 25. h4 c6 26. Rxb6 Bc8 27. Rxc6 Qxc6 28. Qe4 Qc7 29.
g4 f5 30. Qe2 fxg4 31. Be3 Bf5 32. c5 Qd7 33. c6 Qd6 34. c4 e4 35. Rd1 Rbc8 36. c5 Qf8 37. Qb5 Nh5 38. d6 Red8 39. c7 Rd7 40. Qc4+ Qf7 41. Qa4 Rcxc7 42. dxc7 Rxd1+ 43. Qxd1 Qxc7 44. Qd4 Qc6 45. Bh6 Nf6 46. Bf1 Kf7 47. Bc4+ Be6 48. Be2 Qd5 49. Qc3 e3 50. Bxe3 Ne4 51. Qc2 Nf6 52. c6 Bc8 53. Bc4 1-0

[Event "Early-Titled-Tuesday-Blitz-September-12-2023"]
[Site "Chess.com"]
[Date "2023.09.12"]
[Round "11"]
[White "mishanick"]
[Black "OK97"]
[Result "0-1"]
[WhiteElo "3062"]
[BlackElo "2858"]
[TimeControl "180+1"]
[EndTime "10:06:53 PDT"]
[Termination "OK97 won by resignation"]

1. d4 Nf6 2. c4 g6 3. Nc3 Bg7 4. e4 d6 5. Be2 O-O 6. Be3 a5 7. Nf3 Ng4 8. Bc1 e5 9. O-O Nc6 10. d5 Ne7 11. Ne1 f5 12. Nd3 b6 13. f3 Nf6 14. g4 Kh8 15. Bd2 Bd7 16. Kh1 Neg8 17.
Rg1 fxe4 18. fxe4 Qe7 19. Be3 Rf7 20. g5 Ne8 21. Bg4 c6 22. dxc6 Bxc6 23. Nd5 Bxd5 24.
cxd5 Nc7 25. Rc1 Nb5 26. Be6 Rff8 27. Bxb6 Nd4 28. Rc7 Qe8 29. Rd7 Nxe6 30. dxe6 Qxe6 31. Rc7 Rf7 32. Rxf7 Qxf7 33. Qe2 Rf8 34. b3 a4 35. bxa4 Qc4 36. a5 Ne7 37. Nf4 Qg8 38. Ng2 Nc6 39. a6 Nd4 40. Bxd4 exd4 41. Rc1 Ra8 42.
Rc6 Be5 43. Ne1 Qe8 44. Qc4 Bf4 45. Qxd4+ Be5 46. Qc4 Qf8 47. Qe2 Qf4 48. Nf3 Rb8 49. Nxe5 Rb1+ 50. Kg2 dxe5 51. Rc8+ Kg7 52. Rc7+ Kh8 53.
Rc8+ Kg7 54. Qf3 Rb2+ 55. Kg1 Qxf3 56. Rc7+ Kf8 57. Rc8+ Ke7 58. Rc7+ Kd6 0-1

[Event "Early-Titled-Tuesday-Blitz-September-12-2023"]
[Site "Chess.com"]
[Date "2023.09.12"]
[Round "11"]
[White "ajedrezhoy"]
[Black "LamaChampetre"]
[Result "0-1"]
[WhiteElo "2364"]
[BlackElo "2263"]
[TimeControl "180+1"]
[EndTime "10:06:54 PDT"]
[Termination "LamaChampetre won by resignation"]

1. c4 g6 2. Nc3 c5 3. g3 Bg7 4. Bg2 Nc6 5. e4 e5 6. Nge2 Nge7 7. O-O O-O 8. d3 d6 9. Rb1 Be6 10. Nd5 h6 11. h3 Nd4 12. f4 Bxd5 13. cxd5 Kh7 14.
Kh2 Qd7 15. fxe5 dxe5 16. Nxd4 cxd4 17. g4 Rac8 18. Bd2 Qb5 19. Be1 Rcd8 20. a3 Nc8 21. Bh4 Rd7 22. Bf6 Nd6 23. Bxg7 Kxg7 24. Qd2 f6 25. Rbc1 Rff7 26. Rc2 Rc7 27. Rfc1 Qb6 28. h4 Rxc2 29. Rxc2 Rc7 30. Rxc7+ Qxc7 31. g5 fxg5 32. hxg5 h5 33. Bh3 Nf7 34. Be6 Nd8 35. Qf2 Qe7 36. Bh3 Nf7 37. Qg3 Qxg5 38. Qxg5 Nxg5 39. d6 Kf8 40. d7 Ke7 41. Bf1 Kxd7 42. Kg3 Ke6 43.
Kh4 Nf3+ 44. Kg3 Ne1 45. Be2 Nc2 46. Kf2 Kf6 47. Bd1 Ne3 48. Bb3 g5 49. Kg3 h4+ 50. Kh3 b6 51. Bg8 Kg7 52. Be6 Kf6 53. Bc8 Nd1 54.
b4 Ne3 55. a4 Nc2 56. b5 Nb4 0-1